 Dungeon Crawl Stone Soup version 0.20-a0-942-ga5226df (webtiles) character file.

27 M4edhros the Sneak (level 3, -8/23 HPs)
             Began as an Octopode Artificer on Mar 31, 2017.
             Killed from afar by an orc wizard (11 damage)
             ... with a magic dart
             ... on level 3 of the Dungeon.
             The game lasted 00:00:35 (404 turns).

M4edhros the Sneak (Octopode Artificer)              Turns: 404, Time: 00:00:36

Health: -8/23      AC:  1    Str: 11    XL:     3   Next: 10%
Magic:  5/5        EV: 13    Int: 13    God:
Gold:   28         SH:  0    Dex: 13    Spells: 2/2 levels left

rFire    . . .     SeeInvis .   a - +0 short sword
rCold    . . .     Gourm    .   (no shield)
rNeg     + . .     Faith    .   (helmet restricted)
rPois    .         Spirit   .   (no amulet)
rElec    .         Reflect  .   j - ring of positive energy
rCorr    .         Harm     .   (no ring)
MR       .....                  (no ring)
Stlth    ++++......             (no ring)
Regen    0.1/turn               (no ring)
MPRegen  0.1/turn               (no ring)
                                (no ring)
                                (no ring)

@: no status effects
A: almost no armour, stealthy swim, amphibious, 8 rings, constrict 8, camouflage
1, gelatinous body 1
a: no special abilities


You were on level 3 of the Dungeon.
You were not hungry.

You visited 1 branch of the dungeon, and saw 3 of its levels.

You collected 28 gold pieces.

Inventory:

Hand Weapons
 a - a +0 short sword (weapon)
Jewellery
 j - a ring of positive energy (left tentacle)
Wands
 b - a wand of flame (15/48)
 c - a wand of enslavement (14/24)
 d - a wand of random effects (15/48)
Scrolls
 h - a scroll of teleportation {unknown}
 i - a scroll of remove curse {unknown}
 l - a scroll of amnesia {unknown}
Potions
 e - a potion of invisibility {unknown}
 k - 2 potions of haste {unknown}
Comestibles
 f - a bread ration
 g - a meat ration


   Skills:
 - Level 1.0 Fighting
 - Level 1.0 Short Blades
 - Level 2.0 Dodging
 + Level 4.2 Stealth
 - Level 3.2 Evocations


You had 2 spell levels left.
You didn't know any spells.

Dungeon Overview and Level Annotations

Branches:
Dungeon (3/15)

Altars:


Innate Abilities, Weirdness & Mutations

You cannot wear most types of armour.
You are very stealthy in the water. (Stealth+)
You are amphibious.
You can wear up to eight rings at the same time.
You can use your tentacles to constrict eight enemies at once.
Your skin changes colour to match your surroundings (Stealth+).
Your rubbery body absorbs attacks. (AC +1, EV +1)


Message History

The orc wizard points at you and mumbles some strange words.
The magic dart hits you!
* * * LOW HITPOINT WARNING * * *
Evoke which item? (* to show all) (? for menu, Esc to quit)
Aiming: Enslavement
Press: ? - help, Shift-Dir - straight line, f - orc
Aim: an orc, wielding a flail and wearing a leather armour (chance to defeat MR: 72%)
The orc is charmed.
This wand has 14 charges left.
The orc wizard casts a spell.
The orc wizard blinks!
The orc wizard mumbles some strange words.
The orc wizard blinks!
Your orc closely misses the orc.
The orc hits your orc with a trident. The orc hits your orc with a trident.
Your orc dies!
The orc wizard mumbles some strange words.
The orc wizard blinks!
The orc wizard gestures at you while chanting.
The magic dart hits you!
You die... #......PPPPPPPPPPP.

#<#)...P.....P...P
#.#.###PPP.PPP.PPP.P#
#.#.# P.P...o.....P#
#.#.###P.PPP.P.PPPPP#
#......P.P...P.....P
###.##.P.P.PPPPP.PPP
#.##...P...P..o...
#.###P.P@PPP.PPP.P.
#.# #P.....P.P .P.
#.#


#PPPPPPPPP PP# #.# ####..$... #. .......# #......# #........ ######.(. ### You
could see an orc wizard and an orc.

Vanquished Creatures
  3 oozes
  A dart slug (D:1)
  A leopard gecko (D:2)
  A bat (D:1)
  3 hobgoblins
  3 frilled lizards
  A rat (D:1)
13 creatures vanquished.

Vanquished Creatures (others)
  An orc (D:3)
1 creature vanquished.

Grand Total: 14 creatures vanquished

Notes
Turn   | Place    | Note
-------+----------+-------------------------------------------
     0 | D:1      | M4edhros the Octopode Artificer began the quest for the Orb.
     0 | D:1      | Reached XP level 1. HP: 13/13 MP: 3/3
   166 | D:1      | Reached skill level 2 in Stealth
   196 | D:1      | Reached skill level 3 in Stealth
   196 | D:1      | Reached XP level 2. HP: 13/18 MP: 4/4
   302 | D:2      | Reached skill level 4 in Stealth
   321 | D:2      | Reached XP level 3. HP: 19/23 MP: 5/5
   404 | D:3      | Killed from afar by an orc wizard

Vault maps used:
D:1:      dpeg_arrival_rhombus
D:2:      lemuel_crystal_altar, eat_drink_and_be_merry_uskayaw, first_bread,
          chequers_ecumenical_altar_simple_redux
D:3:      zin_scriptorium, serial_forest, infiniplex_forest_zigzag_1,
          infiniplex_forest_clump_tiny, infiniplex_forest_end_3,
          infiniplex_forest_straight_4, infiniplex_forest_clump_double,
          infiniplex_forest_corner_2, infiniplex_forest_end_2,
          minmay_gold_behind_fungi, minmay_hedge_maze,
          minmay_misc_feat_ornament, uniq_sigmund

Skill      XL: |  1  2 |
---------------+-------+-----
Stealth        | 3 4 |  4.2
Fighting       | |  1.0
Short Blades   | |  1.0
Dodging        | |  2.0
Evocations     | |  3.2

Action                   || total
-------------------------++-------
Melee: Short sword       ||    31
       Constrict         ||     6
       Tentacles         ||     3
Evoke: Wand              ||     1
 Stab: Sleeping          ||     4
Armor: Skin              ||     4
Dodge: Dodged            ||    14
